[Event "Titled Tuesday Blitz January 03 Late 2023"]
[White "Sanchez, Robert"]
[Black "Pinheiro, Iung Alicio de O."]
[WhiteFideId "2034360"]
[BlackFideId "2104350"]
[WhiteElo "1966"]
[BlackElo "2306"]
[Result "1-0"]
[Round "11"]
[TimeControl "180+2"]
[Date "2023.01.03"]
[WhiteClock "0:00:29"]
[BlackClock "0:00:04"]

1. e4 d6 2. d4 Nf6 3. Nc3 g6 4. Be3 a6 5. f3 b5 6. Qd2 Nbd7 7. O-O-O Nb6 8. Bd3 Rb8 9. e5 Nfd5 10. Nxd5 Nxd5 11. Bg5 Be6 12. Ne2 Bg7 13. Bh6 Bxh6 14. Qxh6 c6 15. f4 Qa5 16. exd6 exd6 17. Qg7 Rf8 18. f5 gxf5 19. Qg3 Kd7 20. Nf4 Qxa2 21. Nxd5 cxd5 22. Rhf1 Qa1+ 23. Kd2 Qxb2 24. Ra1 Qxd4 25. Rxa6 Qb4+ 26. c3 Qb2+ 27. Bc2 f4 28. Qxf4 1-0


[Site "https://www.chess.com"]

[Event "Titled Tuesday Blitz January 03 Late 2023"]
[White "Gonzalez, Francisco Silva"]
[Black "Suvorov, Alexander"]
[WhiteFideId "1512285"]
[BlackFideId "12977063"]
[WhiteElo "2021"]
[BlackElo "2338"]
[Result "1-0"]
[Round "11"]
[TimeControl "180+2"]
[Date "2023.01.03"]
[WhiteClock "0:01:10"]
[BlackClock "0:00:04"]

1. d4 Nf6 2. c4 d6 3. Nc3 g6 4. e4 Bg7 5. f3 e5 6. Nge2 Nc6 7. Be3 O-O 8. d5 Ne7 9. h4 Nh5 10. g4 Nf4 11. Nxf4 exf4 12. Bxf4 f5 13. Bg5 h6 14. Be3 f4 15. Bd4 g5 16. h5 c5 17. Bxg7 Kxg7 18. Qd2 Ng8 19. O-O-O Qf6 20. Re1 Re8 21. Bd3 Bd7 22. Re2 a6 23. Rhe1 Qe5 24. Kb1 Rab8 25. a4 Ne7 26. Kc2 Nc8 27. Ra1 Na7 28. Ree1 Ra8 29. Bf1 Reb8 30. Ra3 Nc8 31. Rb3 Ne7 32. Rb6 Nc8 33. Rb3 Ne7 34. Ra1 Nc8 35. a5 b6 36. axb6 Nxb6 37. Rba3 Bc8 38. Ra5 Ra7 39. R1a2 Rab7 40. Rxa6 Rc7 41. Ra7 Rxa7 42. Rxa7+ Kg8 43. b3 Bd7 44. Qd1 Be8 45. Ra6 Nc8 46. Bd3 Qd4 47. Be2 Qe5 48. Qa1 Qd4 49. Ra8 Rxa8 50. Qxa8 Bd7 51. Qb7 Qg7 52. Qc7 Qe7 53. Bd3 Kf8 54. e5 dxe5 55. Ne4 Ke8 56. Nxc5 Bxg4 57. Qxe7+ Kxe7 58. fxg4 f3 59. Ne4 Nd6 60. Nxd6 Kxd6 61. b4 f2 62. Kd2 e4 63. Be2 Ke5 64. Ke3 1-0


[Site "https://www.chess.com"]

[Event "Titled Tuesday Blitz January 03 Late 2023"]
[White "reevecanada"]
[Black "Paspuel, Trosky"]
[BlackFideId "3602150"]
[WhiteElo "2486"]
[BlackElo "1721"]
[Result "1-0"]
[Round "11"]
[TimeControl "180+2"]
[Date "2023.01.03"]
[WhiteClock "0:00:18"]
[BlackClock "0:00:01"]

1. e4 c6 2. c4 d5 3. cxd5 cxd5 4. exd5 Nf6 5. Nc3 g6 6. Nf3 Bg7 7. Bb5+ Nbd7 8. d6 O-O 9. dxe7 Qxe7+ 10. Qe2 Qc5 11. d4 Qh5 12. O-O Re8 13. Be3 a6 14. Bc4 b5 15. Bb3 Bb7 16. Bd1 Ng4 17. h3 Nxe3 18. fxe3 Bh6 19. e4 Nf6 20. Bc2 Rad8 21. Rae1 b4 22. Nd1 Nxe4 23. Nf2 Nxf2 24. Qxe8+ Rxe8 25. Rxe8+ Kg7 26. Rxf2 Qb5 27. Re7 Kf8 28. Re5 Qc6 29. Bb3 Bf4 30. Ree2 Bg3 31. Rf1 f5 32. Ng5 Kg7 33. Ne6+ Kh6 34. Nd8 Qc7 35. Nf7+ Kg7 36. Ng5 Qc6 37. d5 Qc5+ 38. Kh1 Bxd5 39. Rd1 Bxb3 40. axb3 Qb5 41. Red2 f4 42. Rd7+ Kh6 43. Nf7+ Kg7 44. Nd6+ Qxd7 45. Nb5 Qxb5 46. Rc1 Kh6 47. Kg1 Qe2 48. Rf1 Qe3+ 49. Kh1 Qe2 50. Kg1 Qxb2 51. Kh1 Qxb3 52. h4 a5 53. h5 a4 54. hxg6 hxg6 55. Rc1 a3 56. Kg1 a2 57. Kh1 Qb1 58. Rg1 1-0


[Site "https://www.chess.com"]

[Event "Titled Tuesday Blitz January 03 Late 2023"]
[White "Kuegel, Tobias"]
[Black "Wang, Alexander J"]
[WhiteFideId "4636295"]
[BlackFideId "30955270"]
[WhiteElo "2332"]
[BlackElo "1815"]
[Result "1-0"]
[Round "11"]
[TimeControl "180+2"]
[Date "2023.01.03"]
[WhiteClock "0:00:16"]
[BlackClock "0:00:27"]

1. e4 c5 2. Nf3 d6 3. d4 cxd4 4. Nxd4 Nf6 5. f3 g6 6. c4 Bg7 7. Nc3 O-O 8. Be3 Nc6 9. Be2 Nxd4 10. Bxd4 Be6 11. O-O Nd7 12. Bxg7 Kxg7 13. Qd4+ Kg8 14. Rac1 Qb6 15. Qxb6 Nxb6 16. b3 a5 17. a4 Bd7 18. Kf2 Bc6 19. Nd5 Bxd5 20. exd5 Nd7 21. Rce1 Nc5 22. Bd1 Rfe8 23. Bc2 f6 24. f4 Kf7 25. Re3 e6 26. dxe6+ Rxe6 27. Rxe6 Kxe6 28. h4 f5 29. Kf3 h5 30. Re1+ Kd7 31. Rb1 Na6 32. Rd1 Re8 33. Kf2 Nc5 34. Rh1 Ne4+ 35. Bxe4 Rxe4 36. Kf3 Kc6 37. Rd1 b6 38. g3 Kc5 39. Rd5+ Kc6 40. Kf2 Re7 41. Rd1 Re6 42. Rd3 Kc5 43. Rd5+ Kc6 44. Kf3 Re1 45. Rd2 Rb1 46. Rd3 Kc5 47. Rd5+ Kc6 48. Rd3 Rb2 49. Ke3 Rb1 50. Kd4 Re1 51. Re3 Rxe3 52. Kxe3 Kc5 53. Kd3 Kb4 54. Kc2 Kc5 55. Kc3 d5 56. cxd5 Kxd5 57. Kd3 Kc5 58. Kc3 b5 59. axb5 Kxb5 60. Kc2 Kb4 61. Kb2 Kb5 62. Ka3 Kc5 63. Ka4 Kb6 64. b4 axb4 65. Kxb4 Kc6 66. Kc4 Kd6 67. Kd4 Ke6 68. Kc5 Kf6 69. Kd6 Kg7 70. Ke7 Kh6 71. Kf6 Kh7 72. Kf7 Kh6 73. Kg8 g5 74. hxg5+ Kg6 75. Kf8 h4 76. gxh4 Kh5 77. Kf7 Kxh4 78. g6 Kg4 79. g7 Kxf4 80. g8=Q Ke4 81. Qg1 f4 82. Qf1 f3 83. Kg6 Ke3 84. Kh5 f2 85. Kg4 Kd2 86. Kg3 Ke3 87. Qxf2+ Ke4 88. Qf3+ Kd4 89. Kf4 1-0


[Site "https://www.chess.com"]

[Event "Titled Tuesday Blitz January 03 Late 2023"]
[White "Garcia Almaguer, Juan Manuel"]
[Black "Broca Jimenez, Fernando"]
[WhiteFideId "5110491"]
[BlackFideId "5104742"]
[WhiteElo "2090"]
[BlackElo "2075"]
[Result "1-0"]
[Round "11"]
[TimeControl "180+2"]
[Date "2023.01.03"]
[WhiteClock "0:01:31"]
[BlackClock "0:01:26"]

1. e4 c5 2. Nf3 g6 3. c3 Bg7 4. Bc4 e6 5. O-O Ne7 6. d3 O-O 7. Bb3 Nbc6 8. Re1 d5 9. e5 b6 10. Bg5 h6 11. Bh4 g5 12. Bg3 Nf5 13. Nbd2 Nxg3 14. hxg3 d4 15. Nc4 Ba6 16. Nd6 Nxe5 17. Nxe5 Qxd6 18. Nxf7 Rxf7 19. Rxe6 Qd7 20. Qh5 Kh8 21. Rxh6+ Bxh6 22. Bxf7 Qd6 23. Re1 Rf8 24. Re6 1-0


[Site "https://www.chess.com"]

[Event "Titled Tuesday Blitz January 03 Late 2023"]
[White "Gasparyan, David"]
[Black "Zampronha, Wladimir Camilo"]
[WhiteFideId "13311980"]
[BlackFideId "2103087"]
[WhiteElo "2142"]
[BlackElo "2176"]
[Result "1-0"]
[Round "11"]
[TimeControl "180+2"]
[Date "2023.01.03"]
[WhiteClock "0:01:32"]
[BlackClock "0:00:05"]

1. d4 Nf6 2. Nc3 d5 3. Bf4 a6 4. Nf3 e6 5. e3 c5 6. Be2 Nc6 7. O-O Bd6 8. dxc5 Bxc5 9. Na4 Be7 10. c4 dxc4 11. Qxd8+ Bxd8 12. Ne5 Nxe5 13. Bxe5 b5 14. Bf3 Ra7 15. Nc5 O-O 16. a4 Nd7 17. Nxd7 Bxd7 18. axb5 Bxb5 19. Rfd1 Bc7 20. Bd4 Raa8 21. Bxa8 Rxa8 22. Bc5 Be5 23. Ra2 g6 24. f4 Bf6 25. Kf2 Rc8 26. Bd4 Be7 27. Raa1 Bb4 28. Bf6 h6 29. g4 Bf8 30. h4 Bg7 31. g5 Bxf6 32. gxf6 Rb8 33. Rd4 Bc6 34. Rxa6 Rxb2+ 35. Kg3 Rg2+ 36. Kh3 Bf3 37. Rd8+ Kh7 38. Ra7 g5 39. fxg5 h5 40. Rxf7+ Kg6 41. Rg7+ Kf5 42. f7 1-0


[Site "https://www.chess.com"]

[Event "Titled Tuesday Blitz January 03 Late 2023"]
[White "Forgacs, Attila Jr."]
[Black "Goroshkov, Maksym"]
[WhiteFideId "773654"]
[BlackFideId "14142716"]
[WhiteElo "2264"]
[BlackElo "2287"]
[Result "1/2-1/2"]
[Round "11"]
[TimeControl "180+2"]
[Date "2023.01.03"]
[WhiteClock "0:00:05"]
[BlackClock "0:00:05"]

1. e4 e5 2. Nf3 d6 3. d4 Bg4 4. dxe5 Nd7 5. exd6 Bxd6 6. Be2 Ngf6 7. Nc3 Qe7 8. O-O O-O-O 9. Bg5 Bxf3 10. Bxf3 Qe5 11. Bf4 Qxf4 12. g3 Qg5 13. Bg2 h5 14. f4 Qc5+ 15. Kh1 Ng4 16. Qe2 f6 17. Nd5 Nb6 18. b4 Qc6 19. h3 Nh6 20. c4 Nxd5 21. exd5 Qe8 22. Qf2 Bxb4 23. Qxa7 Nf5 24. Qa8+ Kd7 25. Qa4+ Kc8 26. Qa8+ Kd7 27. Qa4+ Ke7 28. Qxb4+ Kf7 29. Rfe1 Qf8 30. d6 Qxd6 31. Bd5+ Kg6 32. Qc3 Rhe8 33. Be4 Rxe4 34. Rxe4 Qd3 35. Qxd3 Rxd3 36. Re8 Nxg3+ 37. Kg2 h4 38. Re7 c5 39. Rxb7 Ne4 40. a4 Rg3+ 41. Kh2 Nd6 42. Rb2 Kf5 43. a5 Nxc4 44. Rc2 Ne3 45. Rxc5+ Kxf4 46. Rcc1 Rg2+ 47. Kh1 Rf2 48. Ra3 Nc2 49. Ra2 Rf3 50. Raxc2 Rxh3+ 51. Kg1 Ra3 52. Rc4+ Kg5 53. Rc5+ Kg6 54. R1c4 h3 55. Rg4+ Kf7 56. Rc7+ Ke6 57. Ra7 g5 58. a6 Kf5 59. Rb4 g4 60. Kh2 Ra2+ 61. Kg3 Ra3+ 62. Kh4 h2 63. Rb5+ Kf4 64. Rb4+ Kf5 65. Rb5+ Kf4 66. Rb4+ Kf5 1/2-1/2


[Site "https://www.chess.com"]

[Event "Titled Tuesday Blitz January 03 Late 2023"]
[White "aidenzhouu"]
[Black "Weetik, Vjacheslav"]
[BlackFideId "4153472"]
[WhiteElo "2395"]
[BlackElo "2423"]
[Result "1-0"]
[Round "11"]
[TimeControl "180+2"]
[Date "2023.01.03"]
[WhiteClock "0:00:49"]
[BlackClock "0:01:09"]

1. d4 d5 2. c4 e6 3. Nf3 c6 4. Nc3 dxc4 5. e3 b5 6. a4 Bb4 7. axb5 cxb5 8. Bd2 Bxc3 9. Bxc3 a5 10. b3 Bb7 11. bxc4 b4 12. Bb2 Nf6 13. Bd3 Qc7 14. O-O Nbd7 15. Nd2 O-O 16. f4 Rfd8 17. e4 Nc5 18. Qe2 Nxd3 19. Qxd3 a4 20. e5 Ne8 21. f5 a3 22. Bc1 Qxe5 23. fxe6 Qxe6 24. Nf3 Nf6 25. Ng5 Qb6 26. Be3 h6 27. d5 Qa6 28. Rxf6 Qxf6 29. Qh7+ Kf8 30. Re1 Qg6 31. Bc5+ Rd6 32. Qh8# 1-0


[Site "https://www.chess.com"]

[Event "Titled Tuesday Blitz January 03 Late 2023"]
[White "Kostiukov, Alexandr"]
[Black "Fiorito, Francisco"]
[WhiteFideId "14108100"]
[BlackFideId "180165"]
[WhiteElo "2271"]
[BlackElo "2305"]
[Result "0-1"]
[Round "11"]
[TimeControl "180+2"]
[Date "2023.01.03"]
[WhiteClock "0:00:05"]
[BlackClock "0:02:11"]

1. e4 c5 2. Nf3 Nc6 3. d4 cxd4 4. Nxd4 g6 5. Nc3 Bg7 6. Be3 Nf6 7. Nxc6 bxc6 8. e5 Ng8 9. Bd4 Qa5 10. f4 f6 11. exf6 Nxf6 12. Be2 O-O 13. O-O d5 14. Bf3 Bf5 15. Re1 Rfe8 16. g4 Bd7 17. g5 Nh5 18. Bxh5 Bxd4+ 19. Qxd4 gxh5 20. Qe5 Qc5+ 21. Kh1 Bg4 22. Re3 Qd6 23. h3 Qxe5 24. fxe5 Bf5 25. Rf1 e6 26. Ne2 c5 27. c3 Rf8 28. Nf4 h4 29. Kh2 Rab8 30. b3 a5 31. Rf2 a4 32. bxa4 Ra8 33. Rg2 Rxa4 34. g6 Rxf4 35. gxh7+ Kxh7 36. c4 Be4 37. Rd2 d4 38. Rb3 Rf2+ 39. Rxf2 Rxf2+ 40. Kg1 Rxa2 0-1


[Site "https://www.chess.com"]

[Event "Titled Tuesday Blitz January 03 Late 2023"]
[White "Reprintsev, Alexander"]
[Black "Vifleemskaia, Svetlana"]
[WhiteFideId "14100541"]
[BlackFideId "4129490"]
[WhiteElo "2253"]
[BlackElo "1971"]
[Result "1-0"]
[Round "11"]
[TimeControl "180+2"]
[Date "2023.01.03"]
[WhiteClock "0:00:16"]
[BlackClock "0:00:02"]

1. e4 e5 2. f4 d5 3. exd5 exf4 4. Nf3 Nf6 5. Bb5+ c6 6. dxc6 Nxc6 7. Nc3 Qb6 8. a4 Bg4 9. a5 Qc5 10. d4 Qh5 11. O-O O-O-O 12. Bxc6 bxc6 13. Bxf4 Bd6 14. Ne2 Nd5 15. Bxd6 Rxd6 16. Ng3 Qg6 17. Qd2 Bxf3 18. Rxf3 Rhd8 19. Raf1 f6 20. Nf5 R6d7 21. Rb3 Qg5 22. Qd3 Nc7 23. c3 g6 24. Ne3 Qxa5 25. Nc4 Qd5 26. Rxf6 Nb5 27. Rxc6+ Qxc6 28. Rxb5 Rb7 29. Ra5 Kb8 30. Qg3+ Ka8 31. Ne5 Qc7 32. Ra2 Re8 33. Qd3 Reb8 34. Qe4 Re8 35. Qd5 1-0


[Site "https://www.chess.com"]

[Event "Titled Tuesday Blitz January 03 Late 2023"]
[White "Weisz, Bryan"]
[Black "Yeritsyan, Hayk"]
[WhiteFideId "30934133"]
[BlackFideId "13307320"]
[WhiteElo "1973"]
[BlackElo "2241"]
[Result "0-1"]
[Round "11"]
[TimeControl "180+2"]
[Date "2023.01.03"]
[WhiteClock "0:00:03"]
[BlackClock "0:00:28"]

1. Nf3 d5 2. Na3 Nf6 3. c4 c6 4. b4 Bf5 5. Bb2 e6 6. Qb3 h6 7. d3 Be7 8. Nc2 O-O 9. g3 Bh7 10. Bg2 Nbd7 11. O-O Qb6 12. a3 Qd8 13. b5 Nc5 14. Qa2 cxb5 15. cxb5 Rc8 16. Rac1 Qa5 17. Ncd4 Na4 18. Ba1 Nd7 19. Nd2 Nc3 20. Qb3 Nxe2+ 21. Nxe2 Qxd2 22. Nc3 Qxd3 23. Rfd1 Qc4 24. Qb2 Bf6 25. Qd2 Qb3 26. Rb1 Bxb1 27. Rxb1 Bxc3 28. Qd3 Qc4 29. Qc2 0-1


[Site "https://www.chess.com"]

[Event "Titled Tuesday Blitz January 03 Late 2023"]
[White "Almagro Mazariegos, Sebastian"]
[Black "Fishbein, Mitch"]
[WhiteFideId "2221640"]
[BlackFideId "30922917"]
[WhiteElo "2280"]
[BlackElo "2120"]
[Result "1-0"]
[Round "11"]
[TimeControl "180+2"]
[Date "2023.01.03"]
[WhiteClock "0:00:08"]
[BlackClock "0:00:02"]

1. e4 c5 2. Nf3 e6 3. d4 cxd4 4. Nxd4 Nc6 5. Nc3 Qc7 6. g3 a6 7. Bg2 Nf6 8. O-O Nxd4 9. Qxd4 Bc5 10. Bf4 d6 11. Qd3 h6 12. Na4 e5 13. Nxc5 dxc5 14. Be3 Be6 15. Qc3 Rc8 16. a4 O-O 17. a5 Rfd8 18. f3 Qc6 19. Rfd1 Qb5 20. Bf1 c4 21. b3 Rxd1 22. Rxd1 Qc6 23. b4 Nd7 24. Qd2 b5 25. c3 Kh7 26. g4 Nf8 27. Qd6 Ng6 28. Qxc6 Rxc6 29. Kf2 Nf4 30. Bc5 g5 31. Rd8 Kg7 32. Ra8 h5 33. h3 h4 34. Ke3 Bc8 35. Ra7 Kf6 36. Be7+ Kg6 37. Bc5 Ne6 38. Be7 Rc7 39. Rxc7 Nxc7 40. Bd6 Ne6 41. Bxe5 f6 42. Bd6 Bd7 43. Be2 Nf8 44. Bxf8 Be6 45. Bd6 1-0


[Site "https://www.chess.com"]

[Event "Titled Tuesday Blitz January 03 Late 2023"]
[White "Alexikov, Alexander"]
[Black "Quinones Garcia, Santiago"]
[WhiteFideId "14103958"]
[BlackFideId "4408497"]
[WhiteElo "2209"]
[BlackElo "2248"]
[Result "1-0"]
[Round "11"]
[TimeControl "180+2"]
[Date "2023.01.03"]
[WhiteClock "0:01:10"]
[BlackClock "0:02:00"]

1. e4 e5 2. Nf3 Nc6 3. c3 Nf6 4. d4 exd4 5. e5 Ne4 6. Qe2 Nc5 7. cxd4 Na6 8. d5 Ncb8 9. d6 h6 10. Nc3 Nc6 11. Bf4 g5 12. Bg3 Bg7 13. O-O-O O-O 14. h4 g4 15. Nh2 h5 16. f3 cxd6 17. exd6 Qa5 18. Rd5 Qb4 19. a3 Qb3 20. Qc2 Qb6 21. Bf2 Qd8 22. Rxh5 f5 23. Bc4+ 1-0


[Site "https://www.chess.com"]

[Event "Titled Tuesday Blitz January 03 Late 2023"]
[White "Pace, Christopher"]
[Black "Lorenzo De La Riva, Lazaro"]
[WhiteFideId "2610167"]
[BlackFideId "2268809"]
[WhiteElo "2053"]
[BlackElo "2404"]
[Result "0-1"]
[Round "11"]
[TimeControl "180+2"]
[Date "2023.01.03"]
[WhiteClock "0:00:09"]
[BlackClock "0:01:15"]

1. e4 d6 2. d4 Nf6 3. Nc3 Nbd7 4. Nf3 e5 5. Bc4 Be7 6. O-O O-O 7. Re1 c6 8. h3 b5 9. Bb3 a6 10. a4 b4 11. Nb1 Bb7 12. c3 a5 13. Nbd2 c5 14. d5 Nb6 15. c4 Ne8 16. Bc2 g6 17. b3 Ng7 18. Nf1 Bc8 19. Bh6 Kh8 20. Ng3 f6 21. Qd2 Rf7 22. Nh2 Nd7 23. Ng4 Qe8 24. Re3 Nf8 25. Rf3 Bd8 26. Ne3 Raa7 27. h4 Rac7 28. h5 Nxh5 29. Nxh5 gxh5 30. Nf5 Bxf5 31. Rxf5 Ng6 32. g3 Be7 33. Bd1 Bf8 34. Bxh5 Bxh6 35. Qxh6 Qf8 36. Qxf8+ Rxf8 37. Kg2 Kg7 38. Rh1 Ne7 39. Rf3 f5 40. exf5 Nxf5 41. Bg4 Nd4 42. Rxf8 Kxf8 43. Bd1 Rf7 44. Rh6 Ke7 45. Kg1 Rg7 46. Kg2 Kd7 47. Rh4 Ke7 48. Rh6 Nf5 49. Re6+ Kd7 50. Rf6 Nd4 51. Kh3 Ke7 52. Rh6 Rf7 53. f4 exf4 54. gxf4 Rxf4 55. Rxh7+ Kf6 56. Rh6+ Ke5 57. Rh5+ Ke4 58. Rh6 Rf1 59. Rh4+ Ke3 60. Bg4 Rh1+ 61. Kg3 Rxh4 62. Kxh4 Nxb3 63. Kg5 Nd4 64. Kf6 b3 65. Bh5 Kd2 66. Ke7 b2 67. Bg6 Nc2 68. Bxc2 Kxc2 69. Kxd6 b1=Q 70. Kxc5 Qb4+ 71. Kd4 Qxa4 72. d6 Qc6 73. c5 a4 74. Ke5 Qxc5+ 75. Ke6 Qxd6+ 0-1


[Site "https://www.chess.com"]

[Event "Titled Tuesday Blitz January 03 Late 2023"]
[White "Hernandez Sanchez, Elvis De La Caridad"]
[Black "Della Corte, Alessandro"]
[WhiteFideId "6400353"]
[BlackFideId "813540"]
[WhiteElo "2243"]
[BlackElo "2160"]
[Result "0-1"]
[Round "11"]
[TimeControl "180+2"]
[Date "2023.01.03"]
[WhiteClock "0:00:05"]
[BlackClock "0:01:13"]

1. e4 d5 2. exd5 Qxd5 3. Nc3 Qd6 4. g3 Nf6 5. Bg2 c6 6. d4 Bg4 7. f3 Bf5 8. Nge2 e6 9. O-O Nbd7 10. Bf4 Qb4 11. Rb1 Be7 12. a3 Qb6 13. b4 O-O 14. g4 Bg6 15. h4 h5 16. Ng3 Bxc2 17. Qd2 Bxb1 18. Rxb1 hxg4 19. fxg4 Nxg4 20. Bh3 Ndf6 21. h5 Rad8 22. Rd1 a5 23. Na4 Qa7 24. Kg2 axb4 25. h6 Qxa4 26. hxg7 Kxg7 27. Be5 Qxd1 28. Qg5+ Kh7 29. Qh4+ Nh6 30. Nf5 Qe2+ 31. Kh1 Qf3+ 32. Kh2 exf5 0-1


[Site "https://www.chess.com"]

[Event "Titled Tuesday Blitz January 03 Late 2023"]
[White "Kovacs, Klara"]
[Black "Pesotskiy, Mikhail"]
[WhiteFideId "733210"]
[BlackFideId "34164453"]
[WhiteElo "2121"]
[BlackElo "2153"]
[Result "1-0"]
[Round "11"]
[TimeControl "180+2"]
[Date "2023.01.03"]
[WhiteClock "0:01:00"]
[BlackClock "0:00:21"]

1. Nf3 e6 2. d4 Nf6 3. c4 Bb4+ 4. Nc3 b6 5. Qc2 Bb7 6. Bd2 O-O 7. g3 d6 8. Bg2 Nbd7 9. O-O Qe7 10. e3 a5 11. Ne1 Bxg2 12. Kxg2 e5 13. Nd3 Bxc3 14. Bxc3 Ne4 15. dxe5 Nxc3 16. Qxc3 dxe5 17. Rad1 Rfd8 18. a3 Nc5 19. Nxc5 Qxc5 20. b4 axb4 21. axb4 Qc6+ 22. Kg1 f6 23. c5 bxc5 24. Qc4+ Kh8 25. bxc5 h6 26. Rxd8+ Rxd8 27. Rb1 Rd5 28. h4 Rxc5 29. Rb8+ Kh7 30. Qd3+ g6 31. e4 Rc1+ 32. Kh2 Rc2 33. Qd8 Rxf2+ 34. Kg1 Rf1+ 35. Kxf1 Qc4+ 36. Kg1 Qc5+ 37. Kg2 Qc2+ 38. Kh3 1-0


[Site "https://www.chess.com"]

[Event "Titled Tuesday Blitz January 03 Late 2023"]
[White "Estrada Nieto, Julian"]
[Black "Corredor Castellanos, Camilo"]
[WhiteFideId "5101018"]
[BlackFideId "4425871"]
[WhiteElo "2215"]
[BlackElo "1957"]
[Result "1-0"]
[Round "11"]
[TimeControl "180+2"]
[Date "2023.01.03"]
[WhiteClock "0:00:05"]
[BlackClock "0:00:15"]

1. e4 c5 2. Nf3 d6 3. d4 cxd4 4. Qxd4 Nf6 5. Nc3 Nc6 6. Bb5 Bd7 7. Bxc6 bxc6 8. e5 dxe5 9. Nxe5 Qb6 10. Be3 Rd8 11. Qxb6 axb6 12. Bxb6 Rb8 13. Na4 Nd5 14. Bc5 g6 15. O-O-O Bh6+ 16. Kb1 Rb7 17. Nxd7 Rxd7 18. c4 Nf6 19. Bd4 O-O 20. Bxf6 Rxd1+ 21. Rxd1 exf6 22. Rd6 Rc8 23. Rxf6 Kg7 24. Rf3 f5 25. Nc5 Bd2 26. Kc2 Bb4 27. Nd3 Bd6 28. c5 Be7 29. Re3 Kf6 30. f4 Ra8 31. a3 Ra4 32. Kb3 Rd4 33. Kc3 Ra4 34. Re1 Re4 35. b4 Ke6 36. Rxe4+ fxe4 37. Nf2 Kd5 38. Nd1 Bf6+ 39. Kd2 Kd4 40. Ne3 Be7 41. Nc2+ Kd5 42. Ke3 g5 43. g3 h5 44. Ne1 Bf6 45. Ng2 Bd4+ 46. Ke2 g4 47. Ne3+ Ke6 48. Nc2 Bc3 49. Ne3 Bb2 50. a4 Ba3 51. Nc2 Bb2 52. Ke3 Kd5 53. b5 cxb5 54. axb5 Kxc5 55. Kxe4 Kxb5 56. Kf5 Kc6 57. Ne3 Kd6 58. Kg6 Ke6 59. Kxh5 Bd4 60. Nxg4 Kf5 61. Nh6+ Kf6 62. Kg4 Bg1 63. h4 Bc5 64. Nf5 Kg6 65. h5+ Kh7 66. Nh4 Bd4 67. Nf3 Bb2 68. Ng5+ Kh6 69. Ne4 Kg7 70. Kf5 Kf7 71. g4 Ba1 72. g5 Bb2 73. h6 Kg8 74. Ng3 Kh7 75. Nh5 Ba1 76. Nf6+ Kh8 77. Kg6 Bb2 78. Nh5 Ba1 79. Kf7 Kh7 80. Nf6+ Kh8 81. f5 Bd4 82. Ng4 Bc3 83. g6 Bd4 84. g7+ Bxg7 85. hxg7+ Kh7 86. Nf6+ 1-0


[Site "https://www.chess.com"]

[Event "Titled Tuesday Blitz January 03 Late 2023"]
[White "Jenkins, Drake"]
[Black "Zakarian, David"]
[WhiteFideId "2022397"]
[BlackFideId "13301276"]
[WhiteElo "2130"]
[BlackElo "2306"]
[Result "0-1"]
[Round "11"]
[TimeControl "180+2"]
[Date "2023.01.03"]
[WhiteClock "0:00:01"]
[BlackClock "0:00:20"]

1. Nf3 c5 2. c4 Nc6 3. g3 g6 4. Bg2 Bg7 5. O-O d6 6. Nc3 e5 7. d3 Nge7 8. Rb1 O-O 9. a3 a5 10. Nd5 Nxd5 11. cxd5 Ne7 12. Nd2 b5 13. a4 Bb7 14. e4 Ba6 15. axb5 Bxb5 16. Nc4 f5 17. b3 Nc8 18. exf5 gxf5 19. Qh5 Nb6 20. Bh3 Be8 21. Qf3 Bg6 22. Bd2 Nxc4 23. dxc4 a4 24. bxa4 Rxa4 25. Qb3 Qa8 26. Bc3 Ra3 27. Qb2 Qa6 28. Ra1 Rxa1 29. Rxa1 Qxc4 30. Bg2 f4 31. Rc1 fxg3 32. hxg3 Qg4 33. Qb6 Qd7 0-1


[Site "https://www.chess.com"]

[Event "Titled Tuesday Blitz January 03 Late 2023"]
[White "Clawitter, Craig"]
[Black "Dudzinski, Pawel"]
[WhiteFideId "2023105"]
[BlackFideId "1117890"]
[WhiteElo "2050"]
[BlackElo "2186"]
[Result "0-1"]
[Round "11"]
[TimeControl "180+2"]
[Date "2023.01.03"]
[WhiteClock "0:00:07"]
[BlackClock "0:00:36"]

1. e4 c6 2. Nf3 d5 3. e5 Bg4 4. d4 e6 5. c3 Bxf3 6. Qxf3 c5 7. dxc5 Bxc5 8. b4 Bb6 9. Qg3 Kf8 10. Bd3 Ne7 11. O-O Nbc6 12. Kh1 Ng6 13. f4 Qh4 14. Nd2 Qxg3 15. hxg3 a6 16. Nf3 Ke7 17. a4 Rhc8 18. Ba3 Nb8 19. b5+ Bc5 20. Bb2 a5 21. Nd4 Nd7 22. Rae1 Nb6 23. f5 Nf8 24. Bc1 Nxa4 25. Bg5+ Ke8 26. fxe6 fxe6 27. Bd2 Nb2 28. Bc2 Bxd4 29. cxd4 Rxc2 0-1


[Site "https://www.chess.com"]

[Event "Titled Tuesday Blitz January 03 Late 2023"]
[White "Blanco Acevedo, Cristobal Jose"]
[Black "Graham, Nathaniel"]
[WhiteFideId "3900525"]
[BlackFideId "2007983"]
[WhiteElo "2310"]
[BlackElo "2262"]
[Result "1-0"]
[Round "11"]
[TimeControl "180+2"]
[Date "2023.01.03"]
[WhiteClock "0:01:55"]
[BlackClock "0:00:03"]

1. e4 c5 2. Nf3 e6 3. d4 cxd4 4. Nxd4 Nf6 5. Nc3 Nc6 6. Ndb5 d6 7. Bf4 e5 8. Bg5 a6 9. Bxf6 gxf6 10. Na3 f5 11. exf5 Bxf5 12. Nc4 Be6 13. Ne3 Qb6 14. Ncd5 Bxd5 15. Nxd5 Qa5+ 16. c3 Bg7 17. Bc4 O-O 18. Qh5 Qc5 19. Bb3 Na5 20. Ne7+ Kh8 21. Bc2 e4 22. Qxc5 dxc5 23. O-O-O Rfe8 24. Nf5 Nc4 25. Nxg7 Kxg7 26. b3 Na3 27. Rd7 1-0


[Site "https://www.chess.com"]

[Event "Titled Tuesday Blitz January 03 Late 2023"]
[White "Gardezi, Arsal"]
[Black "Mazurkiewicz, Michal"]
[WhiteFideId "30949521"]
[BlackFideId "1124943"]
[WhiteElo "2093"]
[BlackElo "2145"]
[Result "1-0"]
[Round "11"]
[TimeControl "180+2"]
[Date "2023.01.03"]
[WhiteClock "0:00:16"]
[BlackClock "0:00:01"]

1. d4 Nf6 2. c4 e5 3. Nc3 exd4 4. Qxd4 Nc6 5. Qd1 Bb4 6. Nf3 Ne4 7. Bd2 Nxd2 8. Qxd2 O-O 9. e3 d6 10. Bd3 Ne5 11. Nxe5 dxe5 12. O-O-O f5 13. g4 e4 14. Be2 Qf6 15. Kc2 Be6 16. Nxe4 fxe4 17. Qxb4 Qxf2 18. Rhe1 Qxe3 19. Kb1 Rad8 20. Rxd8 Rxd8 21. Qe7 Rf8 22. Qxe6+ Kh8 23. Qe7 Rg8 24. Qxc7 h6 25. Qa5 Qf2 26. Bd1 e3 27. Bc2 Re8 28. Qc3 e2 29. a3 Qxh2 30. Ka2 1-0


[Site "https://www.chess.com"]

[Event "Titled Tuesday Blitz January 03 Late 2023"]
[White "Yashmetov, Mikhail"]
[Black "qiaohu_henry"]
[WhiteFideId "24198900"]
[WhiteElo "2323"]
[BlackElo "2253"]
[Result "1-0"]
[Round "11"]
[TimeControl "180+2"]
[Date "2023.01.03"]
[WhiteClock "0:00:55"]
[BlackClock "0:00:05"]

1. d4 e6 2. c4 d5 3. g3 Nf6 4. Bg2 c6 5. Nf3 Be7 6. O-O Ne4 7. b3 O-O 8. Ba3 Bxa3 9. Nxa3 Nd7 10. Nc2 f5 11. Nce1 Qf6 12. Nd3 a5 13. Nfe5 Nxe5 14. Nxe5 dxc4 15. bxc4 c5 16. e3 b6 17. Qc2 Qe7 18. Bxe4 fxe4 19. Qxe4 Bb7 20. d5 exd5 21. cxd5 Rad8 22. Rad1 Qd6 23. Nc4 Qf6 24. Qe6+ Qxe6 25. dxe6 Ba6 26. e7 Rxd1 27. exf8=Q+ Kxf8 28. Rxd1 Bxc4 29. Rd6 b5 30. a4 bxa4 31. Rc6 a3 32. Rxc5 Bb3 33. Rxa5 a2 34. e4 Kf7 35. f4 Ke6 36. Kf2 Kf7 37. Ke3 Kf6 38. Kd4 Kf7 39. Ra6 h6 40. Ke5 Ke7 41. Ra7+ Ke8 42. g4 Kf8 43. f5 Ke8 44. h4 Kf8 45. g5 Ke8 46. f6 gxf6+ 47. Kxf6 hxg5 48. hxg5 Kf8 49. g6 Ke8 50. e5 Kd8 51. g7 Kc8 52. e6 Kb8 53. Ra3 1-0


[Site "https://www.chess.com"]